 Dungeon Sprint DCSS version 0.17-a0-1718-g72dbe4d (webtiles) character file.

78394 Kidiri the Imperceptible (level 14, -7/59 HPs)
             Began as a Spriggan Enchanter on Aug 25, 2015.
             Was the Champion of Dithmenos.
             Killed by a malign offering
             ... invoked by a deep elf priest
              (22 damage)
             ... in the Dungeon (Sprint III: "The Ten Rune Challenge") on Aug 26, 2015.
             The game lasted 00:32:01 (5269 turns).

Kidiri the Imperceptible (Spriggan Enchanter)       Turns: 5269, Time: 00:32:02

Health: -7/59      AC:  5    Str:  1    XL:     14   Next: 19%
Magic:  26/38      EV: 37    Int: 19    God:    Dithmenos [******]
Gold:   3180       SH:  0    Dex: 19    Spells: 11 memorised, 11 levels left

rFire  + . .     SeeInvis +     v - +1 rapier (venom)
rCold  . . .     Clarity  .     t - +2 robe {rF+}
rNeg   . . .     SustAt   .     (shield restricted)
rPois  .         Gourm    .     u - +1 hat
rElec  .         Spirit   .     (no cloak)
rCorr  .         Warding  .     (gloves unavailable)
rMut   .         NoTele   +     (boots unavailable)
MR     ++...                    (no amulet)
Stlth  ++++++++++               w - -3 ring of strength (curse)
                                m - ring of flight

@: wreathed by umbra, very quick, very resistant to hostile enchantments,
uncannily stealthy
A: unfitting armour, see invisible, herbivore 3, speed 3, slow metabolism 2
a: Shadow Step, Shadow Form, Renounce Religion, Evoke Flight
}: 2/10 runes: serpentine, barnacled


You were in the Dungeon.
You worshipped Dithmenos.
Dithmenos was exalted by your worship.
You were not hungry.

You visited 1 branch You collected 3180 gold pieces.

Inventory:

Hand weapons
 v - a +1 rapier of venom (weapon)
Missiles
 b - 13 throwing nets (quivered)
Armour
 t - a +2 robe of fire resistance (worn)
 u - a +1 hat (worn)
Jewellery
 m - a ring of flight (left hand)
 w - a cursed -3 ring of strength (right hand)
Scrolls
 j - a scroll of blinking
 l - 2 scrolls of torment
 q - a scroll of fear
Potions
 e - a potion of cancellation
 g - a potion of haste
 h - a potion of magic
 i - 2 potions of berserk rage
 k - 2 potions of curing
 o - a potion of cure mutation
 p - 3 potions of flight
 r - a potion of brilliance
 s - a potion of might
Books
 f - a book of Annihilations

   Spells                             Type                      Level
   a - Poison Arrow                   Conjuration/Poison           6
   b - Chain Lightning                Conjuration/Air              8
   c - Lehudib's Crystal Spear        Conjuration/Earth            8
   d - Glaciate                       Conjuration/Ice              9
   e - Fire Storm                     Conjuration/Fire             9
Comestibles
 c - 27 royal jellies
 n - 14 fruits


   Skills:
 + Level 13.0 Short Blades
 * Level 21.8 Dodging
 * Level 23.3 Stealth
 * Level 19.0 Spellcasting
 + Level 9.2 Conjurations
 + Level 14.3 Hexes
 + Level 1.5 Transmutations
 + Level 10.1 Ice Magic
 + Level 10.4 Air Magic
 + Level 1.1 Earth Magic
 + Level 11.2 Poison Magic
 - Level 2.9 Invocations


You had 11 spell levels left.
You knew the following spells:

 Your Spells              Type           Power        Failure   Level  Hunger
a - Corona                Hex            ######.      0%          1    None
b - Ensorcelled Hibernat  Hex/Ice        ######       1%          2    None
c - Confuse               Hex            ######..     1%          3    None
d - Tukima's Dance        Hex            ######..     1%          3    None
e - Dazzling Spray        Conj/Hex       ######..     1%          3    None
f - Mephitic Cloud        Conj/Pois/Air  ######..     1%          3    None
g - Freezing Cloud        Conj/Ice/Air   ######....   10%         6    ####...
h - Poisonous Cloud       Conj/Pois/Air  ######....   8%          6    ####...
i - Condensation Shield   Ice            ######....   1%          4    None
j - Irradiate             Conj/Trmt      #####.....   12%         5    ##.....
k - Petrify               Trmt/Erth      ###.....     17%         4    None


Dungeon Overview and Level Annotations

Branches:
Dungeon (1/1)

Altars:
Cheibriados
Dithmenos
Elyvilon
Fedhas
Gozag
Kikubaaqudgha
Makhleb
Nemelex Xobeh
Okawaru
Qazlal
Ru
Sif Muna
Trog
Vehumet
Xom
Yredelemnul
Zin
The Shining One
Jiyva
Lugonu

Shops:
D [:?%=([

Annotations:
D exclusion: obsidian statue


Innate Abilities, Weirdness & Mutations

You are tiny and cannot use many weapons and most armour.
You have supernaturally acute eyesight.
You are a herbivore.
You cover ground extremely quickly.
You need consume almost no food.


Message History

There are monsters nearby!
A deep elf priest opens the door.
The deep elf priest is engulfed in freezing vapours.
You kill the deep elf priest!
Dithmenos accepts your kill.
Your Short Blades skill increases to level 13!
You close the door.
A deep elf priest opens the door.
Casting: Dazzling Spray
Confirm with . or Enter, or press ? or * to list all spells.
Aiming: Dazzling Spray
Press: ? - help, Shift-Dir - straight line, f/p - deep elf summoner
Aim: a deep elf summoner, wielding a long sword and wearing a leather armour (moderately wounded, blind, hasn't noticed you, umbra)
The spray of energy misses the deep elf priest.
The spray of energy hits the deep elf summoner.
The deep elf summoner is moderately wounded.
The deep elf summoner is dazzled.
The spray of energy hits you!
* * * LOW HITPOINT WARNING * * *
The deep elf priest utters a dark prayer and points at you.
Your life force is offered up.
You die...

▓▓▓▓▓▓▓▓ ▓▓▓
#####....#.###.#######
.#__##..#..##..'.#...# e
.#._#.%.......##.#§§§##≈≈
##+##))[)....###.#e§§≈≈≈.
....#()......# #.#§§.##≈
....#))∩#.#.####@'ee.#
###'#)#)#.##..########
#...#'###########################
#...#)..:#)#)#)....#......+...≈≈#
#...##.#.)#.##.###.#......#.%.≈≈#
#...'##.#.#.##.#).##......#...≈≈≈
+...#...#..#..##.)+.......#...≈≈≈
▓▓▓▓▓▓▓▓▓▓▓▓▓▓▓▓▓▓#.......#......
♣≈≈≈........≈≈≈...#.......#......


You could see a deep elf summoner (blind) and 2 deep elf priests.

Vanquished Creatures
  Rupert (D)
  Frances (D)
  Polyphemus (D)
  Gastronok (D)
  Chuck (D)
  Ilsuiw (D)
  A greater naga (D)
  Maud (D)
  Wiglaf (D)
  2 dire elephants (D)
  A merfolk javelineer (D)
  A fire dragon (D)
  Erolcha (D)
  A yaktaur captain (D)
  A naga warrior (D)
  An entropy weaver (shapeshifter) (D)
  A hydra (D)
  5 anacondas (D)
  A centaur warrior (D)
  4 dancing weapons (D)
  4 death yaks (D)
  4 skeletal warriors (D)
  A spriggan druid (D)
  A sea snake (D)
  A lindwurm (D)
  A deep elf conjurer (D)
  A mana viper (shapeshifter) (D)
  A moth of wrath (shapeshifter) (D)
  A manticore (shapeshifter) (D)
  4 ugly things (D)
  A guardian serpent (D)
  2 elephants (D)
  7 black mambas (D)
  2 spiny frogs (D)
  A komodo dragon (D)
  A komodo dragon (shapeshifter) (D)
  2 deep elf priests (D)
  A fire drake (D)
  A queen bee (D)
  3 wandering mushrooms (D)
  4 spriggan defenders (D)
  3 orc high priests (D)
  8 blink frogs (D)
  3 slime creatures (D)
  2 trapdoor spiders (D)
  4 redbacks (D)
  A shadow (D)
  2 spriggans (D)
  2 hill giants (D)
  2 nagas (D)
  3 water moccasins (D)
  A swamp drake (D)
  A spatial vortex (D)
  4 orc warriors (D)
  A necrophage (D)
  2 brain worms (D)
  3 two-headed ogres (D)
  A water elemental (D)
  28 killer bees (D)
  An electric eel (D)
  5 orc priests (D)
  A jelly (D)
  An orc wizard (D)
  A necromancer (D)
  A wizard (D)
  3 sheep (D)
  A kobold demonologist (D)
  3 humans (D)
  2 adders (D)
  2 oozes (D)
  A phantom (D)
  9 orcs (D)
  2 rats (D)
  2 bushes (D)
  5 plants (D)
183 creatures vanquished.

Vanquished Creatures (collateral kills)
  4 killer bees (D)
4 creatures vanquished.

Vanquished Creatures (others)
  2 draconian scorchers (D)
  A hydra (D)
  A death drake (D)
  3 yaktaurs (D)
  A plant (D)
8 creatures vanquished.

Grand Total: 195 creatures vanquished

Notes
Turn   | Place    | Note
--------------------------------------------------------------
     0 | D        | Kidiri the Spriggan Enchanter began the quest for the Orb.
     0 | D        | Reached XP level 1. HP: 9/9 MP: 5/5
     7 | D        | Reached skill level 5 in Stealth
    17 | D        | Reached XP level 2. HP: 7/13 MP: 5/7
    21 | D        | Learned a level 2 spell: Ensorcelled Hibernation
    44 | D        | Killed a yaktaur
    48 | D        | Killed a yaktaur
   143 | D        | Killed a white draconian scorcher
   245 | D        | Killed a white draconian scorcher
   314 | D        | Reached skill level 5 in Dodging
   314 | D        | Reached skill level 6 in Stealth
   315 | D        | Reached XP level 3. HP: 13/16 MP: 3/9
   319 | D        | Learned a level 3 spell: Confuse
   323 | D        | Learned a level 3 spell: Tukima's Dance
   390 | D        | Reached skill level 1 in Ice Magic
   410 | D        | Gained mutation: Potions and wands are less effective at restoring your health. [potion of mutation]
   410 | D        | Gained mutation: You are dopey. (Int -2) [potion of mutation]
   410 | D        | Gained mutation: You are somewhat resistant to further mutation. [potion of mutation]
   413 | D        | Lost mutation: You are dopey. (Int -2) [potion of cure mutation]
   413 | D        | Lost mutation: Potions and wands are less effective at restoring your health. [potion of cure mutation]
   413 | D        | Lost mutation: You are somewhat resistant to further mutation. [potion of cure mutation]
   440 | D        | Noticed a water elemental
   443 | D        | Killed a water elemental
   443 | D        | Reached skill level 7 in Stealth
   443 | D        | Reached skill level 5 in Spellcasting
   443 | D        | Reached skill level 5 in Hexes
   443 | D        | Reached XP level 4. HP: 21/21 MP: 9/12
   448 | D        | Learned a level 3 spell: Dazzling Spray
   492 | D        | Noticed a jelly
   493 | D        | Noticed a shadow
   495 | D        | Killed a shadow
   495 | D        | Reached skill level 8 in Dodging
   495 | D        | Reached skill level 9 in Stealth
   495 | D        | Reached skill level 1 in Conjurations
   495 | D        | Reached XP level 5. HP: 24/24 MP: 12/15
   499 | D        | Killed a jelly
   499 | D        | Reached XP level 6. HP: 28/28 MP: 12/17
   506 | D        | Found a stormy altar of Qazlal.
   507 | D        | Noticed a spatial vortex
   507 | D        | Found a sacrificial altar of Ru.
   507 | D        | Found a burning altar of Makhleb.
   507 | D        | Found a viscous altar of Jiyva.
   507 | D        | Found a shimmering altar of Xom.
   507 | D        | Found a shadowy altar of Dithmenos.
   507 | D        | Found a sparkling altar of Nemelex Xobeh.
   507 | D        | Found a corrupted altar of Lugonu.
   507 | D        | Found an opulent altar of Gozag.
   511 | D        | Became a worshipper of Dithmenos the Shadowed
   515 | D        | Killed a spatial vortex
   515 | D        | Reached skill level 10 in Stealth
   515 | D        | Reached skill level 1 in Invocations
   550 | D        | Found a radiant altar of Vehumet.
   551 | D        | Found a deep blue altar of Sif Muna.
   551 | D        | Found an ancient bone altar of Kikubaaqudgha.
   551 | D        | Noticed a wizard
   552 | D        | Killed a wizard
   554 | D        | Reached skill level 5 in Short Blades
   568 | D        | Learned a level 3 spell: Mephitic Cloud
   575 | D        | Learned a level 6 spell: Freezing Cloud
   580 | D        | Found a glowing silver altar of Zin.
   581 | D        | Found a glowing golden altar of the Shining One.
   581 | D        | Found a white marble altar of Elyvilon.
   581 | D        | Noticed a deep elf priest
   596 | D        | Killed a deep elf priest
   596 | D        | Reached skill level 10 in Dodging
   596 | D        | Reached skill level 11 in Stealth
   596 | D        | Reached skill level 1 in Air Magic
   596 | D        | Reached skill level 1 in Poison Magic
   596 | D        | Reached XP level 7. HP: 6/32 MP: 4/20
   917 | D        | Found an iron altar of Okawaru.
   918 | D        | Found a bloodstained altar of Trog.
   918 | D        | Noticed a human
   918 | D        | Noticed a human
   920 | D        | Killed a human
   921 | D        | Killed a human
   921 | D        | Reached skill level 12 in Stealth
   937 | D        | Found a snail-covered altar of Cheibriados.
   937 | D        | Noticed a necrophage
   938 | D        | Found a basalt altar of Yredelemnul.
   938 | D        | Found a blossoming altar of Fedhas.
   938 | D        | Noticed a necromancer
   939 | D        | Killed a necrophage
   939 | D        | Acquired Dithmenos's first power
   940 | D        | Killed a necromancer
   961 | D        | Noticed a two-headed ogre
   961 | D        | Noticed a two-headed ogre
   965 | D        | Killed a two-headed ogre
   965 | D        | Reached XP level 8. HP: 36/36 MP: 22/22
   967 | D        | Killed a two-headed ogre
   969 | D        | Noticed a two-headed ogre
   970 | D        | Killed a two-headed ogre
   976 | D        | Noticed a hill giant
   979 | D        | Killed a hill giant
   979 | D        | Acquired Dithmenos's second power
   979 | D        | Reached skill level 10 in Spellcasting
   984 | D        | Noticed a hill giant
   984 | D        | Noticed Erolcha
   986 | D        | Killed Erolcha
   986 | D        | Reached skill level 13 in Stealth
   986 | D        | Reached XP level 9. HP: 39/39 MP: 22/24
   987 | D        | Killed a hill giant
   995 | D        | Learned a level 6 spell: Poisonous Cloud
  1073 | D        | Noticed a redback
  1075 | D        | Killed a redback
  1075 | D        | Reached skill level 14 in Stealth
  1075 | D        | Reached skill level 5 in Ice Magic
  1097 | D        | Noticed a trapdoor spider
  1286 | D        | Noticed a trapdoor spider
  1288 | D        | Killed a trapdoor spider
  1291 | D        | Killed a trapdoor spider
  1291 | D        | Acquired Dithmenos's third power
  1363 | D        | Noticed a killer bee
  1363 | D        | Noticed a killer bee
  1363 | D        | Noticed a killer bee
  1363 | D        | Noticed a killer bee
  1363 | D        | Noticed a killer bee
  1363 | D        | Noticed a killer bee
  1363 | D        | Noticed a killer bee
  1363 | D        | Noticed a killer bee
  1363 | D        | Noticed a killer bee
  1363 | D        | Noticed a killer bee
  1363 | D        | Noticed a killer bee
  1363 | D        | Noticed a killer bee
  1363 | D        | Noticed a killer bee
  1363 | D        | Noticed a killer bee
  1363 | D        | Noticed a killer bee
  1364 | D        | Noticed a killer bee
  1364 | D        | Noticed a killer bee
  1364 | D        | Noticed a killer bee
  1364 | D        | Noticed a killer bee
  1364 | D        | Noticed a killer bee
  1364 | D        | Noticed a killer bee
  1364 | D        | Noticed a killer bee
  1364 | D        | Noticed a killer bee
  1364 | D        | Noticed a killer bee
  1364 | D        | Noticed a killer bee
  1364 | D        | Noticed a killer bee
  1364 | D        | Noticed a killer bee
  1364 | D        | Noticed a killer bee
  1364 | D        | Noticed a killer bee
  1364 | D        | Noticed a killer bee
  1364 | D        | Noticed a queen bee
  1364 | D        | Noticed a killer bee
  1364 | D        | Noticed a killer bee
  1369 | D        | Killed a killer bee
  1371 | D        | Killed a killer bee
  1372 | D        | Killed a killer bee
  1373 | D        | Killed a killer bee
  1374 | D        | Killed a killer bee
  1374 | D        | Acquired Dithmenos's fourth power
  1378 | D        | Killed a killer bee
  1379 | D        | Killed a killer bee
  1382 | D        | Killed a killer bee
  1383 | D        | Killed a killer bee
  1384 | D        | Killed a killer bee
  1386 | D        | Killed a killer bee
  1388 | D        | Killed a killer bee
  1396 | D        | Killed a killer bee
  1532 | D        | Killed a killer bee
  1534 | D        | Killed a killer bee
  1538 | D        | Killed a killer bee
  1540 | D        | Killed a killer bee
  1548 | D        | Killed a killer bee
  1550 | D        | Killed a killer bee
  1552 | D        | Killed a killer bee
  1682 | D        | Killed a killer bee
  1687 | D        | Killed a killer bee
  1688 | D        | Killed a killer bee
  1689 | D        | Killed a killer bee
  1697 | D        | Killed a killer bee
  1702 | D        | Killed a killer bee
  1827 | D        | Learned a level 4 spell: Condensation Shield
  1833 | D        | Killed a killer bee
  1833 | D        | Reached skill level 15 in Stealth
  1833 | D        | Killed a killer bee
  1835 | D        | Killed a killer bee
  1835 | D        | Reached skill level 5 in Poison Magic
  1836 | D        | Killed a killer bee
  1839 | D        | Killed a killer bee
  1840 | D        | Killed a queen bee
  1840 | D        | Reached XP level 10. HP: 41/44 MP: 7/27
  1844 | D        | Killed a killer bee
  1987 | D        | Noticed a wandering mushroom
  1988 | D        | Noticed a wandering mushroom
  1988 | D        | Noticed a wandering mushroom
  1989 | D        | Killed a wandering mushroom
  1991 | D        | Killed a wandering mushroom
  1991 | D        | Reached skill level 5 in Conjurations
  1991 | D        | Reached skill level 5 in Air Magic
  1992 | D        | Killed a wandering mushroom
  2046 | D        | Noticed a spiny frog
  2046 | D        | Noticed a komodo dragon
  2046 | D        | Noticed a spiny frog
  2049 | D        | Killed a spiny frog
  2051 | D        | Killed a komodo dragon
  2052 | D        | Killed a spiny frog
  2052 | D        | Reached skill level 16 in Stealth
  2109 | D        | Noticed a redback
  2111 | D        | Killed a redback
  2112 | D        | Noticed a brain worm
  2115 | D        | Killed a brain worm
  2118 | D        | Noticed a brain worm
  2120 | D        | Killed a brain worm
  2123 | D        | Noticed a lindwurm
  2125 | D        | Noticed a redback
  2126 | D        | Killed a lindwurm
  2126 | D        | Reached skill level 15 in Dodging
  2128 | D        | Killed a redback
  2134 | D        | Noticed a redback
  2135 | D        | Killed a redback
  2135 | D        | Reached skill level 10 in Hexes
  2136 | D        | Noticed Maud
  2138 | D        | Killed Maud
  2138 | D        | Reached XP level 11. HP: 47/47 MP: 29/29
  2143 | D        | Noticed an electric eel
  2144 | D        | Noticed a six-headed hydra
  2144 | D        | Noticed a seven-headed hydra
  2145 | D        | Killed an electric eel
  2148 | D        | Noticed a death drake
  2318 | D        | Killed a six-headed hydra
  2364 | D        | Learned a level 5 spell: Irradiate
  2477 | D        | Killed a death drake
  2543 | D        | Killed a seven-headed hydra
  2543 | D        | Reached skill level 17 in Stealth
  2553 | D        | Found a blossoming altar of Fedhas.
  2553 | D        | Noticed a spriggan
  2553 | D        | Noticed a spriggan druid
  2553 | D        | Noticed a spriggan
  2556 | D        | Killed a spriggan druid
  2557 | D        | Killed a spriggan
  2558 | D        | Killed a spriggan
  2600 | D        | Noticed a black mamba
  2600 | D        | Noticed a water moccasin
  2600 | D        | Noticed an anaconda
  2602 | D        | Killed a black mamba
  2603 | D        | Killed a water moccasin
  2607 | D        | Killed an anaconda
  2642 | D        | Noticed an anaconda
  2642 | D        | Noticed a water moccasin
  2642 | D        | Noticed an anaconda
  2643 | D        | Noticed an anaconda
  2644 | D        | Killed an anaconda
  2646 | D        | Killed an anaconda
  2646 | D        | Reached skill level 18 in Stealth
  2648 | D        | Killed an anaconda
  2652 | D        | Killed a water moccasin
  2694 | D        | Noticed a black mamba
  2694 | D        | Noticed an anaconda
  2694 | D        | Noticed a black mamba
  2694 | D        | Noticed a black mamba
  2694 | D        | Noticed a water moccasin
  2695 | D        | Noticed a black mamba
  2696 | D        | Killed a black mamba
  2697 | D        | Killed a black mamba
  2697 | D        | Reached skill level 10 in Short Blades
  2699 | D        | Killed an anaconda
  2700 | D        | Killed a black mamba
  2703 | D        | Killed a water moccasin
  2706 | D        | Killed a black mamba
  2706 | D        | Reached skill level 15 in Spellcasting
  2734 | D        | Learned a level 4 spell: Petrify
  2734 | D        | Noticed a naga
  2734 | D        | Noticed a naga
  2735 | D        | Noticed a naga warrior
  2735 | D        | Noticed a greater naga
  2735 | D        | Found Jech's Food Shop.
  2735 | D        | Found Etrout's Jewellery Shoppe.
  2735 | D        | Found Titioluehomm's Antique Weapon Boutique.
  2736 | D        | Killed a naga
  2737 | D        | Killed a naga
  2739 | D        | Killed a naga warrior
  2739 | D        | Reached XP level 12. HP: 51/51 MP: 27/32
  2740 | D        | Killed a greater naga
  2740 | D        | Reached skill level 19 in Stealth
  2754 | D        | Noticed a guardian serpent
  2756 | D        | Killed a guardian serpent
  2759 | D        | Got a serpentine rune of Zot
  2842 | D        | Noticed a swamp drake
  2842 | D        | Noticed a fire drake
  2843 | D        | Killed a fire drake
  2845 | D        | Killed a swamp drake
  2852 | D        | Noticed a blink frog
  2852 | D        | Noticed a blink frog
  2852 | D        | Noticed a blink frog
  2855 | D        | Killed a blink frog
  2856 | D        | Noticed a blink frog
  2857 | D        | Killed a blink frog
  2858 | D        | Noticed a blink frog
  2859 | D        | Killed a blink frog
  2861 | D        | Killed a blink frog
  2863 | D        | Killed a blink frog
  2896 | D        | Noticed Rupert
  2898 | D        | Killed Rupert
  2917 | D        | Noticed a death yak
  2918 | D        | Noticed a death yak
  2918 | D        | Noticed a blink frog
  2919 | D        | Noticed an azure jelly
  2919 | D        | Noticed a death yak
  2919 | D        | Noticed an azure jelly
  2919 | D        | Noticed a blink frog
  2919 | D        | Noticed a death yak
  2920 | D        | Killed a death yak
  2921 | D        | Killed a blink frog
  2922 | D        | Killed a death yak
  2922 | D        | Reached skill level 20 in Stealth
  2923 | D        | Noticed a blink frog
  2923 | D        | Noticed a black mamba
  2924 | D        | Killed a death yak
  2926 | D        | Noticed a black mamba
  2927 | D        | Killed a blink frog
  2928 | D        | Killed a blink frog
  2929 | D        | Killed a death yak
  2932 | D        | Killed a black mamba
  2935 | D        | Killed a black mamba
  2946 | D        | Noticed an azure jelly
  2946 | D        | Noticed an azure jelly
  2993 | D        | Noticed Polyphemus
  3005 | D        | Killed Polyphemus
  3066 | D        | Noticed Ilsuiw
  3068 | D        | Killed Ilsuiw
  3068 | D        | Reached XP level 13. HP: 55/55 MP: 29/34
  3073 | D        | Found Athum's Antique Armour Shoppe.
  3073 | D        | Found Suicout's Book Boutique.
  3073 | D        | Found Edghic's Magic Scroll Emporium.
  3073 | D        | Noticed a sea snake
  3073 | D        | Noticed a merfolk javelineer
  3075 | D        | Killed a sea snake
  3099 | D        | Killed a merfolk javelineer
  3113 | D        | Got a barnacled rune of Zot
  3191 | D        | Noticed an elephant
  3191 | D        | Noticed an elephant
  3191 | D        | Noticed a dire elephant
  3191 | D        | Noticed a dire elephant
  3191 | D        | Noticed Gastronok
  3193 | D        | Killed Gastronok
  3193 | D        | Reached skill level 21 in Stealth
  3194 | D        | Killed a dire elephant
  3196 | D        | Killed a dire elephant
  3201 | D        | Killed an elephant
  3201 | D        | Reached skill level 10 in Poison Magic
  3208 | D        | Killed an elephant
  3344 | D        | Noticed Wiglaf
  3344 | D        | Noticed Frances
  3346 | D        | Killed Frances
  3348 | D        | Killed Wiglaf
  3367 | D        | Noticed an orc high priest
  3367 | D        | Noticed an orc priest
  3368 | D        | Noticed an orc priest
  3368 | D        | Noticed an orc high priest
  3372 | D        | Killed an orc priest
  3377 | D        | Killed an orc high priest
  3380 | D        | Killed an orc high priest
  3383 | D        | Killed an orc priest
  3529 | D        | Noticed a spriggan defender
  3530 | D        | Noticed a spriggan defender
  3530 | D        | Noticed a spriggan defender
  3530 | D        | Noticed a spriggan defender
  3531 | D        | Killed a spriggan defender
  3538 | D        | Killed a spriggan defender
  3540 | D        | Killed a spriggan defender
  3545 | D        | Killed a spriggan defender
  3546 | D        | Noticed an obsidian statue
  3707 | D        | Noticed a slime creature
  3709 | D        | Noticed a mana viper
  3710 | D        | Killed a slime creature
  3712 | D        | Killed a mana viper
  3712 | D        | Reached skill level 22 in Stealth
  3723 | D        | Noticed a purple ugly thing
  3726 | D        | Killed a purple ugly thing
  3753 | D        | Noticed a slime creature
  3756 | D        | Killed a slime creature
  3762 | D        | Killed a yaktaur
  3767 | D        | Noticed a centaur warrior
  3769 | D        | Killed a centaur warrior
  3777 | D        | Noticed a fire dragon
  3779 | D        | Killed a fire dragon
  3787 | D        | Noticed a slime creature
  3787 | D        | Noticed a komodo dragon
  3789 | D        | Killed a slime creature
  3790 | D        | Killed a komodo dragon
  3804 | D        | Noticed a halberd of venom
  3804 | D        | Noticed a vampiric halberd
  3805 | D        | Noticed a trident of venom
  3806 | D        | Noticed a battleaxe of flaming
  3807 | D        | Killed a trident of venom
  3809 | D        | Killed a battleaxe of flaming
  3811 | D        | Killed a halberd of venom
  3933 | D        | Killed a vampiric halberd
  3933 | D        | Reached skill level 10 in Air Magic
  4058 | D        | Noticed a white ugly thing
  4059 | D        | Noticed a yaktaur captain
  4059 | D        | Noticed a moth of wrath
  4060 | D        | Killed a white ugly thing
  4062 | D        | Killed a moth of wrath
  4113 | D        | Killed a yaktaur captain
  4124 | D        | Noticed a manticore
  4125 | D        | Noticed a purple ugly thing
  4126 | D        | Noticed a green ugly thing
  4126 | D        | Killed a manticore
  4127 | D        | Noticed Chuck
  4136 | D        | Killed a green ugly thing
  4159 | D        | Killed a green ugly thing
  4286 | D        | Killed Chuck
  4286 | D        | Reached XP level 14. HP: 30/59 MP: 8/37
  4449 | D        | Identified a +7 rod of ignition (12/12) (You found it in the Dungeon)
  4487 | D        | Noticed a skeletal warrior
  4487 | D        | Noticed a skeletal warrior
  4487 | D        | Noticed a skeletal warrior
  4487 | D        | Noticed a skeletal warrior
  4490 | D        | Killed a skeletal warrior
  4490 | D        | Reached skill level 23 in Stealth
  4491 | D        | Killed a skeletal warrior
  4491 | D        | Reached skill level 10 in Ice Magic
  4518 | D        | Killed a skeletal warrior
  4557 | D        | Killed a skeletal warrior
  4753 | D        | Noticed an ancient lich
  5021 | D        | Noticed an orc priest
  5021 | D        | Noticed an orc wizard
  5021 | D        | Noticed an orc high priest
  5021 | D        | Noticed an orc warrior
  5021 | D        | Noticed an orc priest
  5021 | D        | Noticed an orc warrior
  5021 | D        | Noticed an orc priest
  5021 | D        | Noticed an orc warrior
  5021 | D        | Noticed an orc warrior
  5021 | D        | Found Kaczuism's Antique Armour Emporium.
  5032 | D        | Killed an orc priest
  5034 | D        | Killed an orc warrior
  5034 | D        | Killed an orc warrior
  5037 | D        | Killed an orc high priest
  5037 | D        | Reached skill level 1 in Transmutations
  5038 | D        | Killed an orc wizard
  5038 | D        | Killed an orc priest
  5039 | D        | Killed an orc priest
  5072 | D        | Killed an orc warrior
  5115 | D        | Killed an orc warrior
  5256 | D        | Noticed a deep elf conjurer
  5256 | D        | Noticed a deep elf priest
  5256 | D        | Noticed a deep elf priest
  5256 | D        | Noticed a deep elf summoner
  5256 | D        | Noticed a deep elf priest
  5262 | D        | Noticed a deep elf demonologist
  5265 | D        | Killed a deep elf conjurer
  5265 | D        | Reached skill level 1 in Earth Magic
  5267 | D        | Killed a deep elf priest
  5269 | D        | Killed from afar by a deep elf priest

Vault maps used:
D:        dungeon_sprint_mu

Action                   |  1- 3 |  4- 6 |  7- 9 | 10-12 | 13-15 || total
-------------------------+-------+-------+-------+-------+-------++-------
Melee: Dagger            |    32 |     7 |    44 |    61 |    44 ||   188
       Rapier            |       |       |       |       |    17 ||    17
Throw: Throwing net      |       |       |       |       |     4 ||     4
 Cast: Ensorcelled Hiber |     2 |       |    35 |    11 |    11 ||    59
       Corona            |     2 |       |       |       |       ||     2
       Confuse           |     1 |       |       |     1 |       ||     2
       Tukima's Dance    |       |     3 |       |       |       ||     3
       Dazzling Spray    |       |     1 |    13 |     4 |    45 ||    63
       Mephitic Cloud    |       |       |     2 |     1 |     1 ||     4
       Freezing Cloud    |       |       |       |       |     7 ||     7
Invok: Shadow Step       |       |       |     1 |    16 |    13 ||    30
 Abil: Evoke Flight      |       |       |       |       |     2 ||     2
  Use: Scroll            |     5 |       |       |       |     2 ||     7
       Potion            |     3 |       |     1 |     1 |     3 ||     8
 Stab: Sleeping          |     4 |     5 |    27 |    56 |    28 ||   120
       Confused          |     1 |       |     1 |     1 |       ||     3
       Invisible         |       |       |     1 |       |     8 ||     9
       Distracted        |       |       |       |       |     1 ||     1
       Held in net/web   |       |       |       |       |     1 ||     1
  Eat: Bread ration      |       |       |       |       |     1 ||     1
